 Dungeon Crawl Stone Soup version 0.26.0-10-g1f06aea511 (webtiles) character file.

Game seed: 11686449689000109600

28 gruber the Slasher (level 3, -4/19 HPs)
             Began as a Vine Stalker Fighter on Jan 19, 2021.
             Slain by Sigmund
             ... wielding a +0 scythe
              (6 damage)
             ... on level 2 of the Dungeon.
             The game lasted 00:00:43 (1069 turns).

gruber the Slasher (Vine Stalker Fighter)           Turns: 1069, Time: 00:00:43

Health: -4/19      AC:  7    Str: 19    XL:     3   Next: 14%
Magic:  0/4        EV:  7    Int:  8    God:
Gold:   21         SH:  9    Dex: 13    Spells: 2/2 levels left

rFire    . . .     SeeInvis .   a - +0 long sword
rCold    . . .     Faith    .   c - +0 kite shield
rNeg     . . .     Spirit   +   b - +0 scale mail
rPois    .         Reflect  .   (no helmet)
rElec    .         Harm     .   (no cloak)
rCorr    .         Rampage  .   e - +0 pair of gloves
Will     .....                  (no boots)
Stlth    ..........             (no amulet)
HPRegen  0.06/turn              (no ring)
MPRegen  0.09/turn              (no ring)

@: no status effects
A: fangs 2, magic shield, antimagic bite, no potion heal 3
a: no special abilities


You were on level 2 of the Dungeon.
You visited 1 branch of the dungeon, and saw 2 of its levels.

You collected 21 gold pieces.

Inventory:

Hand Weapons
 a - a +0 long sword (weapon)
Missiles
 f - 5 datura-tipped darts (quivered)
Armour
 b - a +0 scale mail (worn)
 c - a +0 kite shield (worn)
 e - a +0 pair of gloves (worn)
Scrolls
 g - a scroll of identify {unknown}
 i - a scroll of teleportation {unknown}
 j - a scroll of remove curse {unknown}
Potions
 d - a potion of might
 h - a potion of haste {unknown}
 k - a potion of curing {unknown}


   Skills:
 - Level 2.6 Fighting
 + Level 3.2 Long Blades
 - Level 2.4 Armour
 - Level 2.6 Shields


You had 2 spell levels left.
You didn't know any spells.
Your spell library was empty.

Dungeon Overview and Level Annotations

Branches:
Dungeon (2/15)

Altars:

Annotations:
D:2 Sigmund


Innate Abilities, Weirdness & Mutations

You have extremely sharp teeth.
When hurt, damage is shared between your health and your magic reserves.
Your bite disrupts and absorbs the magic of your enemies.
Potions cannot restore your health.


Message History

You are too confused!
You are too confused!
Unknown command.
You barely miss Sigmund. Your bite misses Sigmund.
Sigmund is heavily wounded.
You bump into the rock wall.
Sigmund casts a spell at you. The puff of flame hits you.
Sigmund flickers, as though insubstantial.
Sigmund points at you and mumbles some strange words.
The puff of flame misses you. Sigmund gestures at you while chanting.
You resist with some effort.
You feel less confused.
Sigmund hits you from afar with a +0 scythe!
Ouch! That really hurt!
* * * LOW HITPOINT WARNING * * *
You block Sigmund's attack.
Sigmund hits you from afar with a +0 scythe!
You die...

###################
#.@................
########.###....#########.
.......@...........#....#.
..........##....##...)..#.
..$.......##............#<
..........####............
............ +............
.#....#...####........#...
#....#...+ +.......##...


You could see Sigmund.

Vanquished Creatures
  2 dart slugs (D:1)
  2 leopard geckos (D:1)
  5 bats (D:1)
  A giant cockroach (D:2)
  3 goblins (D:1)
  2 hobgoblins (D:1)
  A kobold (D:1)
  2 frilled lizards (D:1)
  5 rats
23 creatures vanquished.

Vanquished Creatures (others)
  4 toadstools (D:1)
4 creatures vanquished.

Grand Total: 27 creatures vanquished

Notes
Turn   | Place    | Note
-------+----------+-------------------------------------------
     0 | D:1      | gruber the Vine Stalker Fighter began the quest for the
                  | Orb.
     0 | D:1      | Reached XP level 1. HP: 11/11 MP: 2/2
    33 | D:1      | Reached skill level 2 in Long Blades
   152 | D:1      | Reached XP level 2. HP: 16/16 MP: 3/3
   454 | D:1      | Reached skill level 3 in Long Blades
   494 | D:1      | Reached XP level 3. HP: 19/19 MP: 4/4
  1056 | D:2      | Noticed Sigmund
  1069 | D:2      | Slain by Sigmund

Illustrated notes

Levels and vault maps discovered:
D:1:      ldierk_walled_garden_2, layout_loops_ring
D:2:      layout_basic, yredelemnul_altar_generic, uniq_sigmund

Skill      XL: |  1  2 |
---------------+-------+-----
Long Blades    | 2 3 |  3.2
Fighting       | |  2.6
Armour         | |  2.4
Shields        | |  2.6

Action                   || total
-------------------------++-------
Melee: Long sword        ||    59
       Bite              ||    17
Armor: Scale mail        ||    16
Dodge: Dodged            ||    12
Block: Kite shield       ||    33
       Rpst.: Long sword ||     4
